Map: 사이버 포레스트 - 래더

Players

WhyManMC

  • Race: Protoss Protoss
  • League: Grandmaster
  • Spawn Location: 11:00

KeeN - Winner!

  • Race: Terran Terran
  • League: Master
  • Spawn Location: 5:00

VOD

Have the link to the VOD?

Description

Time

  • Played on: June 18, 2019, 7:12 a.m.
  • Length: 7:55
Show
View Real Time Build Order
Export as new Build Order

WhyManMC Protoss 

Build Orders: 1 Gate Expand, Phoenix Opening 

Get SALT Encoding   

  12  0:00  Probe  
  13  0:12  Probe  
  14  0:19  Pylon  
  14  0:25  Probe  
  15  0:33  Probe  
  15  0:39  Gateway  
  15  0:41  Probe  
  16  0:48  Assimilator  
  17  0:51  Probe  
  18  1:03  Probe  
  19  1:15  Probe  
  20  1:27  Nexus  
  20  1:35  Cybernetics Core  
  20  1:40  Probe  
  21  1:47  Assimilator  
  21  1:52  Probe  
  21  1:53  Pylon  
  22  2:02  Adept  
  22  2:04  Probe  
  23  2:12  Warp Gate  
  25  2:16  Probe  
  25  2:22  Stalker  
  26  2:28  Probe  
  27  2:31  Pylon  
  29  2:41  Probe  
  29  2:42  Stargate  
  29  2:48  Probe  
  30  2:53  Stalker, Probe  
  33  3:00  Probe  
  33  3:05  Probe  
  35  3:12  Probe  
  36  3:18  Phoenix  
  36  3:19  Probe  
  37  3:23  Stalker  
  37  3:24  Probe  
  42  3:31  Probe  
  43  3:35  Gateway  
  43  3:36  Probe  
  43  3:38  Phoenix  
  43  3:40  Gateway  
  46  3:51  Probe x2  
  48  3:57  Pylon  
  48  4:00  Phoenix  
  48  4:05  Stalker  
  48  4:09  Probe x2  
  54  4:17  Phoenix  
  54  4:19  Assimilator  
  54  4:21  Assimilator, Probe  
  54  4:22  Probe  
  58  4:32  Pylon  
  58  4:33  Probe  
  58  4:34  Probe  
  60  4:39  Zealot  
  60  4:48  Stalker x2  
  52  4:58  Probe x2  
  47  5:01  Stalker  
  47  5:07  Probe x2, Oracle  
  49  5:08  Assimilator  
  49  5:09  Assimilator  
  51  5:15  Probe x2  
  56  5:26  Probe x2  
  56  5:38  Probe x2  
  56  5:39  Robotics Facility  
  58  5:50  Probe x2  
  58  5:54  Stalker x3  
  66  6:02  Probe x2  
  68  6:04  Twilight Council  
  68  6:06  Pylon  
  68  6:14  Probe x2  
  70  6:27  Observer  
  70  6:29  Robotics Bay  
  70  6:31  Forge  
  71  6:33  Sentry  
  71  6:34  Forge  
  71  6:37  Pylon  
  71  6:38  Zealot x2  
  77  6:43  Pylon  
  77  6:58  Gateway  
  77  7:01  Gateway  
  77  7:02  Gateway  
  83  7:29  Zealot x3  
  85  7:37  Pylon x2  
  77  7:51  Zealot x3  
Show
View Real Time Build Order
Export as new Build Order

KeeN Terran - Winner!

Build Orders:  

Get SALT Encoding   

  12  0:00  SCV  
  13  0:13  SCV  
  14  0:17  Supply Depot  
  14  0:25  SCV  
  15  0:38  SCV  
  15  0:39  Barracks  
  16  0:45  Refinery  
  16  0:50  SCV  
  17  1:02  SCV  
  18  1:15  SCV  
  19  1:27  Orbital Command, Marine  
  20  1:42  Command Center  
  20  1:46  Barracks Reactor  
  20  1:52  SCV  
  21  1:57  Supply Depot  
  21  2:04  SCV  
  22  2:09  Factory  
  22  2:16  SCV  
  22  2:18  Refinery  
  22  2:22  Marine x2  
  25  2:31  SCV  
  26  2:39  Marine x2  
  26  2:44  SCV  
  29  2:54  Factory Tech Lab  
  29  2:55  Starport, Orbital Command  
  29  2:57  SCV  
  30  2:59  Marine  
  30  3:03  Marine  
  32  3:09  SCV  
  36  3:20  SCV  
  36  3:22  Supply Depot  
  36  3:23  SCV  
  36  3:26  Marine  
  38  3:27  Siege Tank  
  38  3:28  Marine  
  38  3:33  Medivac  
  41  3:35  SCV  
  41  3:37  SCV  
  43  3:42  Supply Depot  
  43  3:44  Marine  
  43  3:46  Marine  
  43  3:47  SCV  
  46  3:50  SCV  
  47  3:59  SCV  
  47  4:01  Siege Tank  
  47  4:02  Marine, SCV  
  53  4:04  Marine  
  53  4:08  Starport Tech Lab  
  54  4:12  SCV  
  54  4:14  SCV  
  54  4:16  Barracks  
  56  4:19  Supply Depot  
  56  4:20  Marine  
  57  4:24  SCV  
  57  4:29  SCV  
  59  4:34  Raven  
  59  4:36  SCV  
  59  4:37  Bunker  
  62  4:40  Bunker  
  62  4:42  Marine x2  
  64  4:51  SCV x2  
  63  4:59  Marine x2  
  50  5:02  Siege Tank  
  50  5:04  SCV  
  50  5:05  Engineering Bay  
  50  5:06  SCV  
  55  5:07  Refinery  
  55  5:08  Barracks  
  55  5:13  Refinery  
  55  5:17  Marine x2  
  55  5:18  SCV x2  
  59  5:30  SCV x2  
  59  5:31  Marine  
  59  5:32  Stimpack  
  59  5:35  Marine  
  62  5:36  Supply Depot, Terran Infantry Weapons Level 1  
  63  5:43  SCV x2  
  63  5:44  Marine  
  63  5:46  Supply Depot, Starport Reactor  
  63  5:48  Missile Turret  
  63  5:49  Factory Reactor  
  67  5:55  Marine, SCV x2  
  70  5:58  Marauder  
  70  6:01  Supply Depot  
  71  6:05  Combat Shield  
  71  6:07  Marauder, Marine  
  74  6:13  Marine  
  74  6:15  Supply Depot  
  74  6:18  SCV x2  
  74  6:22  Marauder  
  74  6:25  Marine  
  78  6:28  Marine  
  78  6:30  Marine, Medivac  
  78  6:31  Supply Depot, Medivac  
  78  6:32  Widow Mine x2  
  88  6:42  SCV x2  
  88  6:43  Marine  
  88  6:44  Supply Depot  
  88  6:45  Marauder  
  88  6:46  Marauder  
  95  6:48  Marine  
  95  6:54  Widow Mine x2  
  100  7:00  Medivac x2  
  100  7:01  Marine  
  104  7:06  Marauder  
  104  7:08  Marauder  
  108  7:11  Marine  
  108  7:15  Widow Mine x2, Command Center  
  113  7:18  Marine  
  114  7:22  Supply Depot  
  114  7:25  Supply Depot  
  114  7:29  Marine  
  115  7:32  Marauder  
  117  7:41  Supply Depot  
Tags
 
Add a new tag
Caveats
  • Supply blocks, unpowered buildings, or Contaminate may cause inaccurate times.
  • Supply counts are checked every 10 seconds.